 Dungeon Sprint DCSS version 0.26.1-11-gd32895ea62 (webtiles) character file.

Game seed: 9448503902233341644

10598 Zeld the Earth Mage (level 11, 0/51 HPs)
             Began as a Gargoyle Earth Elementalist on June 16, 2021.
             Was an Elder of Sif Muna.
             Killed by divine providence
             ... invoked by a daeva
              (14 damage)
             ... in the Dungeon (Sprint I: "Red Sonja").
             The game lasted 00:08:43 (4486 turns).

Zeld the Earth Mage (Gargoyle Earth Elementalist)   Turns: 4486, Time: 00:08:44

Health: 0/51       AC: 12    Str:  5 (7)  XL:     11   Next: 64%
Magic:  12/19      EV: 13    Int: 15 (16) God:    Sif Muna [****..]
Gold:   323        SH:  0    Dex:  6      Spells: 15/36 levels left

rFire    . . .     SeeInvis .   (no weapon)
rCold    . . .     Faith    .   (no shield)
rNeg     + . .     Spirit   .   m - +0 troll leather armour
rPois    ∞         Reflect  .   (no helmet)
rElec    +         Harm     .   (no cloak)
rCorr    .         Rampage  .   n - +0 pair of gloves
Will     .....     Rnd*Rage +   c - +0 pair of boots Stlth +.........NoTele +
                                s - amulet of the acrobat
HPRegen  0.00/turn              (no ring)
MPRegen  0.16/turn              (no ring)

@: glowing
A: claws 1, berserk 3, blurry vision 3, clumsy 2, deformed body, deterioration
2, dopey 2, frail 3, low mp 3, negative energy resistance 1, screaming 3,
electricity resistance, inhibited regeneration, weak 2, unbreathing,
petrification resistance, miasma immunity, subdued magic 3, AC +8
a: Renounce Religion, Channel Magic, Forget Spell, Divine Exegesis


You were in the Dungeon.
You worshipped Sif Muna.
Sif Muna was greatly pleased with you.
You visited 1 branch You collected 1018 gold pieces.
You spent 695 gold pieces at shops.

Inventory:

Armour
 c - a +0 pair of boots (worn)
 m - a +0 troll leather armour (worn)
 n - a +0 pair of gloves (worn)
Jewellery
 s - an amulet of the acrobat (around neck)
Wands
 a - a wand of polymorph (7)
 b - a wand of acid (10)
 q - a wand of iceblast (5)
Scrolls
 i - a scroll of blinking
 j - 2 scrolls of remove curse
 l - a scroll of vulnerability {unknown}
 p - 2 scrolls of identify {unknown}
 r - a scroll of torment {unknown}
Potions
 d - 3 potions of curing
 f - a potion of haste
 g - 2 potions of magic
 h - a potion of berserk rage
 k - 2 potions of attraction {unknown}
 o - a potion of flight {unknown}


   Skills:
 + Level 11.3 Fighting
 + Level 9.1 Dodging
 - Level 5.0 Stealth
 * Level 13.4 Spellcasting
 - Level 10.0 Conjurations
 - Level 1.0 Transmutations
 * Level 17.0 Earth Magic
 + Level 5.7 Invocations
 * Level 6.2 Evocations


You had 15 spell levels left.
You knew the following spells:

 Your Spells              Type           Power        Failure   Level
a - Sandblast             Erth           64%          0%          1
b - Passwall              Tmut/Erth      15%          1%          2
c - Stone Arrow           Conj/Erth      52%          0%          3
d - Petrify               Tmut/Erth      19%          1%          4
e - Lee's Rapid Deconstr  Erth           16%          1%          5
f - Iron Shot             Conj/Erth      13%          3%          6

Your spell library contained the following spells:

 Spells                   Type           Power        Failure   Level
 Leda's Liquefaction      Hex/Erth       9%           1%          4
 Beastly Appendage        Tmut           12%          3%          1
 Bolt of Magma            Conj/Fire/Erth 9%           3%          5
 Borgnjor's Vile Clutch   Necr/Erth      9%           4%          5
 Corona                   Hex            5%           6%          1
 Wereblood                Tmut           6%           6%          2
 Fulminant Prism          Conj/Hex       6%           8%          4
 Iskenderun's Mystic Bla  Conj/Tloc      13%          8%          4
 Corpse Rot               Necr/Air       N/A          10%         2
 Slow                     Hex            5%           10%         2
 Spider Form              Tmut/Pois      3%           17%         3
 Portal Projectile        Hex/Tloc       10%          22%         3
 Ice Form                 Ice/Tmut       6%           54%         4
 Cause Fear               Hex            2%           63%         4
 Summon Ice Beast         Ice/Summ       5%           63%         4
 Blade Hands              Tmut           3%           85%         5
 Silence                  Hex/Air        2%           94%         5
 Summon Mana Viper        Hex/Summ       5%           94%         5
 Haunt                    Necr/Summ      2%           100%        7
 Absolute Zero            Ice            2%           100%        9


Dungeon Overview and Level Annotations

Branches:
Dungeon (1/1)

Altars:
Cheibriados
Dithmenos
Elyvilon
Fedhas
Gozag
Hepliaklqana
Kikubaaqudgha
Makhleb
Nemelex Xobeh
Okawaru
Qazlal
Ru
Sif Muna
Trog
Uskayaw
Vehumet
Wu Jian
Xom
Yredelemnul
Zin
The Shining One
Jiyva
Lugonu

Shops:
D (}(*[}[


Innate Abilities, Weirdness & Mutations

You are resistant to torment.
Your stone body is resilient. (AC +8)
You are immune to poison.
You resist negative energy. (rN+)
You are resistant to electric shocks. (rElec)
You can survive without breathing.
You are immune to petrification.
You are immune to miasma.
You have sharp fingernails.
You have an uncontrollable temper.
Scrolls take you much longer to read.
You are very clumsy. (Dex -4)
Armour fits poorly on your strangely shaped body.
Your body often deteriorates upon taking damage.
You are very dopey. (Int -4)
You are extremely frail. (-30% HP)
Your magical capacity is extremely low. (-30% MP)
You frequently scream uncontrollably at your foes.
You do not regenerate when monsters are visible.
You are very weak. (Str -4)
Your spells are much easier to cast, but much less powerful.


Message History

The daeva is severely wounded.
You feel less invigorated.
Unknown command.
Casting: Lee's Rapid Deconstruction (safe; 1% risk of failure)
Confirm with . or Enter, or press ? or * to list all spells.
Aiming: Lee's Rapid Deconstruction (safe; 1% risk of failure)
Press: ? - help, Dir - move target An iron grate.
This square is lit by a halo.
The iron grate shatters!
The blast of metal fragments hits the daeva but does no damage.
The daeva is severely wounded.
The daeva calls down the wrath of the Shining One upon you.
The Shining One smites you!
* * * LOW HITPOINT WARNING * * *
Your body deteriorates!
You feel weakened.
Unknown command.
The daeva calls down the wrath of the Shining One upon you.
The Shining One smites you!
You die...

.#..#§§..§.§§..§+
.##+#§####.§§§§##
.+
#§#.###§§§#####
## +§#+#
###'#"$$## ###
#§##$$$# #§§###$#
##.#A#$# #..###$#
#.##@.$# #..#'###
##...# ###.# #.#
#.# #+# #....#
#...####


You could see a daeva.

Vanquished Creatures
  Sonja (D)
  5 unseen horrors (D)
  A deep troll (D)
  A lindwurm (D)
  8 shining eyes (D)
  2 kobold demonologists (D)
  A slime creature (D)
  Sigmund (D)
  13 hogs (D)
  A yak (D)
  5 floating eyes (D)
  An ogre (D)
  A jelly (D)
  Ijyb (D)
  2 ballistomycete spores (D)
44 creatures vanquished.

Vanquished Creatures (others)
  A deep elf master archer (D)
  A gargoyle (D)
2 creatures vanquished.

Grand Total: 46 creatures vanquished

Notes
Turn   | Place    | Note
-------+----------+-------------------------------------------
     0 | D        | Zeld the Gargoyle Earth Elementalist began the quest for
                  | the Orb.
     0 | D        | Reached XP level 1. HP: 10/10 MP: 3/3
     3 | D        | Noticed Ijyb
    14 | D        | Killed Ijyb
    15 | D        | Reached skill level 1 in Fighting
    15 | D        | Reached skill level 1 in Transmutations
    15 | D        | Reached skill level 5 in Earth Magic
    15 | D        | Reached XP level 2. HP: 17/17 MP: 0/6
   349 | D        | Learned a level 2 spell: Passwall
   643 | D        | Noticed an ogre
   647 | D        | Killed an ogre
   648 | D        | Reached skill level 6 in Earth Magic
   648 | D        | Reached XP level 3. HP: 23/23 MP: 3/9
   648 | D        | Reached XP level 4. HP: 28/28 MP: 3/10
   652 | D        | Learned a level 3 spell: Stone Arrow
   657 | D        | Learned a level 4 spell: Petrify
   820 | D        | Noticed Sigmund
   829 | D        | Killed Sigmund
   830 | D        | Reached skill level 5 in Stealth
   830 | D        | Reached skill level 8 in Earth Magic
   830 | D        | Reached XP level 5. HP: 27/34 MP: 7/13
   830 | D        | Reached XP level 6. HP: 31/39 MP: 8/15
   836 | D        | Learned a level 5 spell: Lee's Rapid Deconstruction
   916 | D        | Found an ornate altar of the Wu Jian Council.
   916 | D        | Found a shimmering blue altar of Sif Muna.
   918 | D        | Found a radiant altar of Vehumet.
   925 | D        | Became a worshipper of Sif Muna the Loreminder
   928 | D        | Reached skill level 9 in Earth Magic
  1163 | D        | Found Lisuot's General Store.
  1163 | D        | Found an ancient bone altar of Kikubaaqudgha.
  1163 | D        | Found a hazy altar of Hepliaklqana.
  1163 | D        | Found a hide-covered altar of Uskayaw.
  1163 | D        | Found a basalt altar of Yredelemnul.
  1163 | D        | Found an opulent altar of Gozag.
  1163 | D        | Found a snail-covered altar of Cheibriados.
  1163 | D        | Found a sacrificial altar of Ru.
  1163 | D        | Found a shadowy altar of Dithmenos.
  1163 | D        | Noticed a yak
  1164 | D        | Found a stormy altar of Qazlal.
  1164 | D        | Found a blossoming altar of Fedhas.
  1164 | D        | Found a bloodstained altar of Trog.
  1164 | D        | Found an iron altar of Okawaru.
  1164 | D        | Found a glowing silver altar of Zin.
  1169 | D        | Killed a yak
  1170 | D        | Reached skill level 5 in Fighting
  1170 | D        | Reached skill level 10 in Earth Magic
  1171 | D        | Found a glowing golden altar of the Shining One.
  1171 | D        | Found a white marble altar of Elyvilon.
  1253 | D        | Found a sparkling altar of Nemelex Xobeh.
  1257 | D        | Bought a scroll of remove curse for 39 gold pieces
  1257 | D        | Bought a scroll of remove curse for 39 gold pieces
  1257 | D        | Bought a potion of heal wounds for 65 gold pieces
  1389 | D        | Noticed Sonja
  1397 | D        | Killed Sonja
  1397 | D        | Reached * piety under Sif Muna
  1398 | D        | Reached skill level 5 in Dodging
  1398 | D        | Reached skill level 11 in Earth Magic
  1398 | D        | Reached XP level 7. HP: 44/47 MP: 0/19
  1398 | D        | Reached XP level 8. HP: 49/52 MP: 0/20
  1497 | D        | Killed a gargoyle
  1618 | D        | Found Afroorchoji's Weapon Boutique.
  1638 | D        | Noticed a deep troll
  1642 | D        | Killed a deep troll
  1643 | D        | Reached skill level 12 in Earth Magic
  1767 | D        | Found Lopips's Armour Emporium.
  1772 | D        | Bought a +0 pair of boots for 54 gold pieces
  1772 | D        | Bought a +0 pair of gloves for 54 gold pieces
  1880 | D        | Found a burning altar of Makhleb.
  1880 | D        | Found a viscous altar of Jiyva.
  1880 | D        | Found a shimmering altar of Xom.
  1880 | D        | Found a corrupted altar of Lugonu.
  1880 | D        | Noticed a slime creature
  1885 | D        | Killed a slime creature
  1886 | D        | Reached XP level 9. HP: 42/59 MP: 9/22
  2110 | D        | Noticed a shining eye
  2110 | D        | Noticed a shining eye
  2110 | D        | Noticed a shining eye
  2111 | D        | Noticed a shining eye
  2111 | D        | Noticed a shining eye
  2111 | D        | Noticed a shining eye
  2114 | D        | Killed a shining eye
  2114 | D        | Reached ** piety under Sif Muna
  2115 | D        | Reached skill level 10 in Spellcasting
  2115 | D        | Reached skill level 13 in Earth Magic
  2116 | D        | Gained mutation: Your spells are a little easier to cast,
                  | but a little less powerful. [a shining eye]
  2116 | D        | Gained mutation: You can translocate small distances at
                  | will. [a shining eye]
  2118 | D        | Gained mutation: Armour fits poorly on your strangely
                  | shaped body. [a shining eye]
  2118 | D        | Paralysed by a floating eye for 4 turns
  2119 | D        | Gained mutation: You have sharp fingernails. [a shining
                  | eye]
  2120 | D        | Gained mutation: You are weak. (Str -2) [a shining eye]
  2120 | D        | Gained mutation: You are frail. (-10% HP) [a shining eye]
  2123 | D        | Killed a shining eye
  2126 | D        | Paralysed by a floating eye for 4 turns
  2130 | D        | Reached *** piety under Sif Muna
  2131 | D        | Reached skill level 14 in Earth Magic
  2132 | D        | Killed a shining eye
  2135 | D        | Gained mutation: You are clumsy. (Dex -2) [a shining eye]
  2145 | D        | Gained mutation: Scrolls take you a little longer to read.
                  | [a shining eye]
  2146 | D        | Gained mutation: Your magical capacity is low. (-10% MP) [a
                  | shining eye]
  2150 | D        | Gained mutation: Your magical capacity is very low. (-20%
                  | MP) [a shining eye]
  2153 | D        | Lost mutation: You are weak. (Str -2) [a shining eye]
  2158 | D        | Gained mutation: Your body sometimes deteriorates upon
                  | taking damage. [a shining eye]
  2159 | D        | Gained mutation: You are dopey. (Int -2) [a shining eye]
  2160 | D        | Gained mutation: You are weak. (Str -2) [a shining eye]
  2165 | D        | Gained mutation: Your spells are easier to cast, but less
                  | powerful. [a shining eye]
  2166 | D        | Gained mutation: You are very frail. (-20% HP) [a shining
                  | eye]
  2171 | D        | Killed a shining eye
  2171 | D        | Gained mutation: You occasionally shout uncontrollably at
                  | your foes. [a shining eye]
  2172 | D        | Reached XP level 10. HP: 52/52 MP: 3/20
  2176 | D        | Gained mutation: You sometimes yell uncontrollably at your
                  | foes. [a shining eye]
  2180 | D        | Gained mutation: Scrolls take you longer to read. [a
                  | shining eye]
  2190 | D        | Killed a shining eye
  2191 | D        | Gained mutation: You are very weak. (Str -4) [a shining
                  | eye]
  2193 | D        | Gained mutation: You do not regenerate when monsters are
                  | visible. [a shining eye]
  2195 | D        | Gained mutation: You frequently scream uncontrollably at
                  | your foes. [a shining eye]
  2201 | D        | Gained mutation: You are very clumsy. (Dex -4) [a shining
                  | eye]
  2208 | D        | Gained mutation: Your spells are much easier to cast, but
                  | much less powerful. [a shining eye]
  2209 | D        | Gained mutation: You tend to lose your temper in combat. [a
                  | shining eye]
  2211 | D        | Gained mutation: Scrolls take you much longer to read. [a
                  | shining eye]
  2215 | D        | Gained mutation: You are extremely frail. (-30% HP) [a
                  | shining eye]
  2222 | D        | Killed a shining eye
  2222 | D        | Reached **** piety under Sif Muna
  2223 | D        | Reached skill level 15 in Earth Magic
  2489 | D        | Noticed a shining eye
  2489 | D        | Noticed a shining eye
  2495 | D        | Gained mutation: You are very dopey. (Int -4) [a shining
                  | eye]
  2496 | D        | Gained mutation: You often lose your temper in combat. [a
                  | shining eye]
  2498 | D        | Gained mutation: Your magical capacity is extremely low.
                  | (-30% MP) [a shining eye]
  2499 | D        | Lost mutation: Scrolls take you much longer to read. [a
                  | shining eye]
  2501 | D        | Killed a shining eye
  2502 | D        | Reached skill level 10 in Fighting
  2502 | D        | Reached skill level 1 in Invocations
  2508 | D        | Gained mutation: Scrolls take you much longer to read. [a
                  | shining eye]
  2510 | D        | Gained mutation: Your body often deteriorates upon taking
                  | damage. [a shining eye]
  2512 | D        | Lost mutation: You can translocate small distances at will.
                  | [a shining eye]
  2514 | D        | Gained mutation: You have an uncontrollable temper. [a
                  | shining eye]
  2515 | D        | Killed a shining eye
  2747 | D        | Found Dotzuvvo's Gadget Shoppe.
  2747 | D        | Found Zimet's Antique Armour Shop.
  2747 | D        | Found Quytsog's Weapon Emporium.
  2747 | D        | Found Utag Maa's Gadget Boutique.
  2766 | D        | Bought a wand of acid (10) for 336 gold pieces
  2766 | D        | Bought a wand of iceblast (5) for 108 gold pieces
  2815 | D        | Noticed a kobold demonologist
  2816 | D        | Noticed a kobold demonologist
  2819 | D        | Killed a kobold demonologist
  2819 | D        | Reached ***** piety under Sif Muna
  2819 | D        | Identified Sif Muna's Volume of Ashen Beguiling (Sif Muna
                  | gifted it to you in the Dungeon)
  2819 | D        | Received a gift from Sif Muna
  2820 | D        | Reached skill level 1 in Evocations
  2820 | D        | Killed a kobold demonologist
  2831 | D        | Learned a level 6 spell: Iron Shot
  3134 | D        | Noticed a lindwurm
  3228 | D        | Killed a deep elf master archer
  3260 | D        | Killed a lindwurm
  3419 | D        | Reached skill level 10 in Conjurations
  3420 | D        | Reached XP level 11. HP: 51/51 MP: 3/19
  3426 | D        | Reached skill level 16 in Earth Magic
  3426 | D        | Identified Sif Muna's Papyrus of Warped Beguiling (Sif Muna
                  | gifted it to you in the Dungeon)
  3426 | D        | Received a gift from Sif Muna
  3442 | D        | Identified Gayrghaf's Catalogue of the Unholy Snowflakes
                  | (Sif Muna gifted it to you in the Dungeon)
  3442 | D        | Received a gift from Sif Muna
  3847 | D        | Noticed a daeva
  3850 | D        | Noticed an unseen horror
  3852 | D        | Noticed an unseen horror
  3852 | D        | Noticed an unseen horror
  3861 | D        | Killed an unseen horror
  3861 | D        | Killed an unseen horror
  3862 | D        | Reached skill level 5 in Invocations
  3862 | D        | Reached skill level 5 in Evocations
  3868 | D        | Killed an unseen horror
  3881 | D        | Noticed an unseen horror
  3887 | D        | Noticed an unseen horror
  3898 | D        | Killed an unseen horror
  3900 | D        | Killed an unseen horror
  3901 | D        | Reached skill level 17 in Earth Magic
  4486 | D        | Killed from afar by a daeva

Illustrated notes

Levels and vault maps discovered:
D:        dungeon_sprint_1 [red_sonja_temple_1, red_sonja_temple_small_1]

Skill      XL: |  1  2  3  4  5  6  7  8  9 10 11 |
---------------+----------------------------------+-----
Fighting       | 1 3 4 6 7 9 10 11 | 11.3
Dodging        | 2 3 4 5 6 7 8 9 |  9.1
Stealth        | 3 4 5 |  5.0
Spellcasting   | 3 4 6 8 9 11 12 13 | 13.4
Transmutations | 1 |  1.0
Earth Magic    | 5 6 8 11 12 14 15 17 | 17.0
Conjurations   | 2 6 7 8 10 | 10.0
Invocations    | 3 5 |  5.7
Evocations     | 3 6 |  6.2

Action                   |  1- 3 |  4- 6 |  7- 9 | 10-12 || total
-------------------------+-------+-------+-------+-------++-------
Melee: Unarmed           |     7 |       |    35 |    81 ||   123
 Cast: Sandblast         |     6 |     7 |    11 |     6 ||    30
       Passwall          |     2 |       |       |     5 ||     7
       Stone Arrow       |       |     9 |    12 |    15 ||    36
       Lee's Rapid Decon |       |       |     4 |    39 ||    43
       Iron Shot         |       |       |       |     2 ||     2
Invok: Channel Magic     |       |       |       |     9 ||     9
  Use: Potion            |       |       |       |     2 ||     2
Armor: Skin              |     3 |       |       |       ||     3
       Troll leather arm |       |       |     1 |    39 ||    40
Dodge: Dodged            |     1 |     6 |     1 |    59 ||    67
